 Dungeon Crawl Stone Soup version 0.19-a0-1007-g133f65f (webtiles) character file.

8023 HAL9000 the Transmogrifier (level 11, -1/86 HPs)
             Began as a Green Draconian Transmuter on July 19, 2016.
             Was a Priest of Makhleb.
             Shot with an arrow by a centaur (6 damage)
             ... on level 9 of the Dungeon.
             The game lasted 00:22:28 (8791 turns).

HAL9000 the Transmogrifier (DrTm)                   Turns: 8791, Time: 00:22:29

Health: -1/86      AC: 15    Str: 22    XL:     11   Next: 4%
Magic:  14/14      EV: 14    Int: 13    God:    Makhleb [***...]
Gold:   234        SH:  0    Dex: 13    Spells: 4 memorised, 3 levels left

rFire  + . .     SeeInvis .       - Unarmed
rCold  . . .     Gourm    .     (armour unavailable)
rNeg   . . .     Faith    .     (no shield)
rPois  +         Spirit   .     (helmet restricted)
rElec  .         Dismiss  .     O - +2 cloak
rCorr  .         Reflect  .     Z - +2 pair of gloves of Failure {Str+7}
SustAt .         Harm     .     q - +0 pair of boots
MR     .....                    i - amulet of magic regeneration
Stlth  +.........               N - ring of protection from fire
                                F - +1 ring of protection

@: slowed, drained, very slow, not resistant to hostile enchantments, very
unstealthy
A: breathe noxious fumes, unfitting armour, poison resistance, cold-blooded, AC
+7
a: Breathe Noxious Fumes, Minor Destruction, Lesser Servant of Makhleb, Renounce
Religion


You were on level 9 of the Dungeon.
You worshipped Makhleb.
Makhleb was most pleased with you.
You were very hungry.

You visited 2 branches of the dungeon, and saw 10 of its levels.
You also visited: Sewer.

You collected 462 gold pieces.
You spent 228 gold pieces at shops.

Inventory:

Missiles
 I - 116 arrows
Armour
 q - a +0 pair of boots (worn)
 A - a +2 buckler
 O - a +2 cloak (worn)
 Z - the +2 pair of gloves of Failure (worn) {Str+7}
   (You bought it in a shop on level 6 of the Dungeon)

   It affects your strength (+7).
Jewellery
 i - an amulet of magic regeneration (around neck)
 r - an uncursed ring of flight
 t - an uncursed ring of teleportation
 F - a +1 ring of protection (left hand)
 L - an uncursed ring of positive energy
 N - a ring of protection from fire (right hand)
Wands
 y - a wand of enslavement (16/24)
Scrolls
 v - a scroll of amnesia
 x - a scroll of magic mapping
 C - 2 scrolls of enchant weapon
 D - 2 scrolls of identify
 H - 6 scrolls of teleportation
 X - 2 scrolls of acquirement
Potions
 l - a potion of berserk rage {unknown}
 n - 3 potions of degeneration
 o - 2 potions of cancellation
 s - a potion of resistance {unknown}
 u - 5 potions of magic
 w - a potion of invisibility {unknown}
 z - 2 potions of agility
 B - 6 potions of curing
 J - 3 potions of lignification
 K - a potion of ambrosia {unknown}
 P - 3 potions of heal wounds
 Q - 2 potions of might
 T - a potion of flight {unknown}
 U - 2 potions of haste
 V - a potion of mutation {unknown}
 W - a potion of brilliance {unknown}
Books
 b - a book of Changes

   Spells                             Type                      Level
   a - Beastly Appendage              Transmutation                1
   b - Sticks to Snakes               Transmutation                2
   c - Spider Form                    Transmutation/Poison         3
   d - Ice Form                       Ice/Transmutation            4
   e - Blade Hands                    Transmutation                5
 S - the Tome of Mutagenic Companions
   (You acquired it on level 9 of the Dungeon)

   Spells                             Type                      Level
   a - Summon Small Mammal            Summoning                    1
   b - Passwall                       Transmutation/Earth          2
   c - Ignite Poison                  Fire/Transmutation/Poison    3
   d - Recall                         Summoning/Translocation      3
   e - Yara's Violent Unravelling     Hexes/Transmutation          5
   f - Summon Forest                  Summoning/Translocation      5
   g - Alistair's Intoxication        Transmutation/Poison         5
 Y - a book of Clouds

   Spells                             Type                      Level
   a - Mephitic Cloud                 Conjuration/Poison/Air       3
   b - Conjure Flame                  Conjuration/Fire             3
   c - Poisonous Cloud                Conjuration/Poison/Air       6
   d - Freezing Cloud                 Conjuration/Ice/Air          6
   e - Ring of Flames                 Charms/Fire                  7
Comestibles
 c - 10 bread rations
 g - a meat ration
 m - 10 slices of pizza
 E - 3 beef jerkies
 G - 2 royal jellies
 M - a fruit


   Skills:
 + Level 5.0(4.8) Fighting
 + Level 4.8(4.7) Dodging
 + Level 10.1(9.9) Unarmed Combat
 - Level 2.0(1.8) Spellcasting
 - Level 12.2(12.0) Transmutations
 + Level 1.6(1.5) Invocations


You had 3 spell levels left.
You knew the following spells:

 Your Spells              Type           Power        Failure   Level  Hunger
a - Beastly Appendage     Tmut           ####..       1%          1    ##.....
b - Sticks to Snakes      Tmut           ####....     1%          2    ###....
c - Spider Form           Tmut/Pois      ###.......   10%         3    ####...
d - Blade Hands           Tmut           ####......   6%          5    ######.


Dungeon Overview and Level Annotations

Branches:
Dungeon (9/15)             Temple (1/1) D:4
   Lair: D:8-11         Orc: D:9-12

Altars:
Ashenzari
Cheibriados
Dithmenos
Fedhas
Hepliaklqana
Makhleb
Qazlal
Trog
Vehumet
Yredelemnul
The Shining One

Shops:
D:6 [


Innate Abilities, Weirdness & Mutations

You can breathe blasts of noxious fumes.
Your lurid green scales are hard. (AC +7)
Your body does not fit into most forms of armour.
Your system is resistant to poisons. (rPois)
You are cold-blooded and may be slowed by cold attacks.


Message History

The arrow freezes you.
* * * LOW HITPOINT WARNING * * *
Your adder bites the phantom but does no damage.
The centaur shoots an arrow.
The arrow hits you.
* * * LOW HITPOINT WARNING * * *
You feel yourself slow down. The arrow freezes you.
* * * LOW HITPOINT WARNING * * *
The phantom hits your adder!
Your adder dies!
You see here 2 arrows.
Your hands revert to their normal proportions.
The +2 pair of gloves of Failure {Str+7} unmelds from your body.
Unknown command.
You feel yourself speed up.
The centaur shoots an arrow.
The arrow hits you!
* * * LOW HITPOINT WARNING * * *
You feel yourself slow down. The arrow freezes you.
* * * LOW HITPOINT WARNING * * *
The centaur shoots an arrow.
The arrow hits you.
You die...

*......,,** *..<...,,*
*#......,,** *.......,,,*
##.......,,,* #W.......,,,*
#$)......,,,*
#######c.c.....,,,*
###..@##(#)...$..,,,*
##......#.#.!.....,,**
###.......c.#..c....,,*
#########...........#.......,,*
............................,**
.....#.....................#**
######................)....#
####...........#......**
#####.....#.#......,*


You could see a centaur.

Vanquished Creatures
  Pikel (D:8)
  Joseph (D:9)
  Prince Ribbit (D:9)
  18 yaks
  A human (D:8)
  2 hippogriffs
  Grum (D:8)
  2 orc warriors
  3 sky beasts
  2 ice beasts (D:9)
  4 ogres
  A phantom (D:5)
  4 centaurs
  2 necrophages (D:8)
  3 wolves (D:8)
  5 big kobolds
  4 giant frogs
  2 scorpions
  5 killer bees (D:9)
  5 wights (D:9)
  2 howler monkeys
  2 crimson imps
  2 orc priests
  5 hounds
  A centaur skeleton (D:5)
  2 iguanas
  2 orc wizards
  A hell rat (D:7)
  8 worker ants
  2 sheep (D:8)
  A hound zombie (D:6)
  A hound skeleton (D:5)
  7 gnolls
  7 adders
  4 river rats (D:7)
  5 oozes
  An adder skeleton (D:6)
  3 worms
  6 giant geckos
  24 orcs
  5 ball pythons
  4 bats
  10 giant cockroaches
  7 goblins
  A hobgoblin (D:1)
  2 jackals (D:3)
  3 quokkas
  A giant newt (D:1)
  12 kobolds
  A quokka skeleton (D:5)
  A quokka zombie (D:7)
  34 rats
234 creatures vanquished.

Vanquished Creatures (collateral kills)
  An ice beast (D:3)
  A big kobold (Sewer)
  A hound (D:4)
  An orc wizard (D:4)
  A worker ant (D:4)
  4 gnolls
  An adder (D:5)
  An orc (D:4)
  3 giant cockroaches (D:2)
  2 goblins (D:3)
  A jackal (D:3)
  2 kobolds
  A bat (D:2)
  2 rats
22 creatures vanquished.

Vanquished Creatures (others)
  A slave (D:7)
  A jelly (D:7)
  A shadow imp (D:7)
  2 orcs (D:7)
  A rat (D:7)
6 creatures vanquished.

Grand Total: 262 creatures vanquished

Notes
Turn   | Place    | Note
-------+----------+-------------------------------------------
     0 | D:1      | HAL9000 the Draconian Transmuter began the quest for the Orb.
     0 | D:1      | Reached XP level 1. HP: 16/16 MP: 3/3
   119 | D:1      | Reached XP level 2. HP: 14/23 MP: 3/5
   125 | D:1      | Learned a level 2 spell: Sticks to Snakes
   848 | D:2      | Reached XP level 3. HP: 28/28 MP: 4/6
   919 | D:2      | Reached skill level 3 in Transmutations
  1156 | D:2      | Reached XP level 4. HP: 35/35 MP: 5/7
  1287 | D:2      | Found a shattered altar of Ashenzari.
  1337 | D:3      | Noticed an ice beast
  1473 | D:3      | Learned a level 3 spell: Spider Form
  1703 | D:3      | Killed an ice beast
  1703 | D:3      | Reached skill level 4 in Transmutations
  1703 | D:3      | Reached XP level 5. HP: 20/40 MP: 3/8
  2247 | D:4      | Reached skill level 5 in Unarmed Combat
  2249 | D:4      | Reached XP level 6. HP: 46/47 MP: 7/9
  2322 | D:4      | Reached skill level 5 in Transmutations
  2845 | D:4      | Found a staircase to the Ecumenical Temple.
  2870 | D:4      | Found a blossoming altar of Fedhas.
  3169 | D:5      | Entered Level 5 of the Dungeon
  3432 | D:5      | Your scales start taking on a lurid green colour.
  3432 | D:5      | Reached XP level 7. HP: 34/52 MP: 1/10
  3432 | D:5      | Gained mutation: Your system is resistant to poisons. (rPois) [Green Draconian growth]
  3466 | D:5      | Reached skill level 6 in Transmutations
  3761 | D:5      | Found a glowing drain.
  3775 | Sewer    | Entered a sewer
  3927 | Sewer    | HP: 2/52 [poisoned by a kobold]
  3935 | Sewer    | HP: 1/52 [poisoned by a kobold]
  3986 | Sewer    | Reached skill level 7 in Transmutations
  3986 | Sewer    | Reached XP level 8. HP: 9/59 MP: 9/11
  4605 | D:6      | You fall through a shaft for 3 floors!
  4936 | D:8      | Noticed Grum
  4942 | D:8      | Reached skill level 8 in Transmutations
  5002 | D:8      | Killed Grum
  5641 | D:8      | Reached XP level 9. HP: 61/63 MP: 12/12
  5648 | D:8      | Learned a level 5 spell: Blade Hands
  5736 | D:7      | Noticed Pikel
  5748 | D:8      | Killed Pikel
  5748 | D:8      | Reached skill level 9 in Transmutations
  5893 | D:6      | Found Xomnirohi's Antique Armour Shop.
  5911 | D:6      | Bought a pair of smoking gloves for 228 gold pieces
  5916 | D:6      | Identified the +2 pair of gloves of Failure {Str+7} (You bought it in a shop on level 6 of the Dungeon)
  6709 | Temple   | Entered the Ecumenical Temple
  6724 | Temple   | Became a worshipper of Makhleb the Destroyer
  7268 | D:7      | Reached skill level 10 in Transmutations
  7335 | D:7      | Reached * piety under Makhleb
  7457 | D:7      | Reached ** piety under Makhleb
  7888 | D:8      | Reached XP level 10. HP: 16/77 MP: 8/13
  8026 | D:9      | Noticed Joseph
  8143 | D:9      | Identified 3 scrolls of acquirement
  8144 | D:9      | Identified the Tome of Mutagenic Companions (You acquired it on level 9 of the Dungeon)
  8208 | D:9      | Reached skill level 10 in Unarmed Combat
  8480 | D:9      | Reached skill level 11 in Transmutations
  8494 | D:9      | Reached *** piety under Makhleb
  8594 | D:9      | Noticed Prince Ribbit
  8599 | D:9      | Killed Prince Ribbit
  8661 | D:9      | Killed Joseph
  8661 | D:9      | Reached skill level 12 in Transmutations
  8766 | D:9      | Reached skill level 1 in Invocations
  8773 | D:9      | Reached skill level 5 in Fighting
  8773 | D:9      | Reached XP level 11. HP: 56/86 MP: 9/14
  8791 | D:9      | Shot with an arrow by a centaur

Vault maps used:
D:1:      onia_arrival_handbag
D:2:      minmay_roachtagon, lemuel_coloured_pillars_altar
D:3:      first_bread, minmay_goblin_outpost
D:4:      fedhas_altar_fruit_tree
D:5:      portal_sewer_entry_d, kennysheep_another_room
D:6:      serial_shops, shop
D:7:      lemuel_ratsnest, uniq_pikel
D:8:      grunt_livestock, uniq_grum
D:9:      uniq_prince_ribbit1, uniq_joseph
Temple:   grunt_wide_crystal_templ
Sewer:    sewer_co_15_rooms

Skill      XL: |  1  2  3  4  5  6  7  8  9 10 |
---------------+-------------------------------+-----
Transmutations | 3 4 5 7 8 10 12 | 12.2
Unarmed Combat | 4 5 6 7 8 9 10 | 10.1
Dodging        | 3 4 |  4.8
Fighting       | 3 5 |  5.0
Invocations    | 1 |  1.6
Spellcasting   | |  2.0

Action                   |  1- 3 |  4- 6 |  7- 9 | 10-12 || total
-------------------------+-------+-------+-------+-------++-------
Melee: Unarmed           |    83 |   174 |   414 |   135 ||   806
       Tailslap          |     9 |    17 |    33 |    18 ||    77
       Kick              |     5 |       |       |       ||     5
       Headbutt          |    10 |    15 |    20 |       ||    45
       Punch             |       |       |    11 |     3 ||    14
 Cast: Beastly Appendage |    14 |    17 |    14 |       ||    45
       Sticks to Snakes  |     5 |    14 |    11 |     2 ||    32
       Spider Form       |       |     5 |    13 |       ||    18
       Blade Hands       |       |       |     6 |     9 ||    15
 Abil: Evoke Flight      |       |     1 |       |       ||     1
       Breathe Noxious F |       |       |     5 |     5 ||    10
       End Transformatio |       |       |     1 |     1 ||     2
  Use: Scroll            |       |     2 |     8 |     8 ||    18
       Potion            |       |     3 |     2 |     2 ||     7
 Stab: Distracted        |     2 |     2 |     3 |       ||     7
       Confused          |       |       |     8 |     4 ||    12
       Sleeping          |       |       |     1 |       ||     1
  Eat: Chunk             |     1 |     9 |    17 |     8 ||    35
       Fruit             |       |     1 |     4 |       ||     5
       Beef jerky        |       |       |     1 |       ||     1
Armor: Skin              |    41 |    62 |   120 |    22 ||   245
Dodge: Dodged            |    62 |   117 |   271 |    56 ||   506
